 Dungeon Crawl Stone Soup version 0.31-a0-626-g8143ab4f1d (webtiles) character file.

Game seed: 8989396296403118324

70 IdlyInterested the Chopper (level 4, -1/35 HPs)
             Began as a Demonspawn Fighter on Aug 24, 2023.
             Slain by a gnoll
             ... wielding a +0 halberd
              (4 damage)
             ... on level 2 of the Dungeon.
             The game lasted 00:03:34 (1440 turns).

IdlyInterested the Chopper (Demonspawn Fighter)     Turns: 1440, Time: 00:03:35

Health: -1/35      AC:  6    Str: 18    XL:     4   Next: 3%
Magic:  4/4        EV: 10    Int:  9    God:
Gold:   118        SH:  4    Dex: 13    Spells: 3/3 levels left

rFire   . . .        a - +0 war axe
rCold   . . .        c - +0 buckler
rNeg    . . .        b - +0 scale mail
rPois   .            (no helmet)
rElec   .            (no cloak)
rCorr   .            (no gloves)
SInv    .            (no boots)
Will    .....        (no amulet)
Stlth   +            (no ring)
HPRegen 0.25/turn    (no ring)
MPRegen 0.09/turn

%: no passive effects
@: no status effects
A: sturdy frame 2
a: no special abilities


You were on level 2 of the Dungeon.
You visited 1 branch of the dungeon, and saw 2 of its levels.

You collected 118 gold pieces.

Inventory:

Hand Weapons
 a - a +0 war axe (weapon)
 h - a +0 trident
Missiles
 j - 13 stones (quivered)
 m - 5 javelins
Armour
 b - a +0 scale mail (worn)
 c - a +0 buckler (worn)
Talismans
 l - a flux talisman
Scrolls
 e - a scroll of vulnerability {unknown}
 f - a scroll of amnesia {unknown}
 i - 3 scrolls of poison {unknown}
 k - a scroll of silence {unknown}
Potions
 d - a potion of might
 g - a potion of heal wounds {unknown}


   Skills:
 - Level 3.0 Fighting
 + Level 3.2 Axes
 - Level 1.0 Throwing
 - Level 2.6 Armour
 - Level 1.0 Dodging
 - Level 1.0 Stealth
 - Level 2.6 Shields
 * Level 0.1 Shapeshifting


You had 3 spell levels left.
You didn't know any spells.
Your spell library was empty.

Dungeon Overview and Level Annotations

Branches:
Dungeon (2/15)

Altars:

Annotations:
D:2 Natasha


Innate Abilities, Weirdness & Mutations

Your movements are less encumbered by armour. (ER -4)


Message History

You hit the frilled lizard.
You kill the frilled lizard!
A kobold comes into view. It is wielding a +0 short sword.
The kobold shouts!
The kobold throws a stone.
The stone barely misses you.
The kobold throws a stone.
The stone hits you. The kobold hits you but does no damage.
You completely miss the kobold. You block the kobold's attack.
The kobold barely misses you.
You barely miss the kobold. The kobold hits you but does no damage.
You slash the kobold!
You kill the kobold!
j - 13 stones (gained 3)
Things that are here:
a +0 short sword; a kobold corpse You now have 118 gold pieces (gained 16).
As you open the door, it creaks loudly!
There is an open door here.
Found a stone staircase leading down.
There is a stone staircase leading down here.
You open the door.
There is an open door here.
A gnoll comes into view. It is wielding a +0 spear.
Natasha and 2 gnolls come into view.
The gnoll shouts! x2
A gnoll comes into view. It is wielding a +0 flail.
The gnoll shouts!
The gnoll hits you with a +0 flail.
The gnoll hits you from afar with a +0 halberd!
The gnoll hits you with a +0 spear.
You closely miss the gnoll. You hit the gnoll. The gnoll barely misses you.
You block the gnoll's attack. The gnoll hits you with a +0 spear.
The gnoll hits you from afar with a +0 halberd.
The gnoll hits you but does no damage. The gnoll hits you with a +0 flail.
The gnoll hits you from afar with a +0 halberd!
* * * LOW HITPOINT WARNING * * *
The gnoll closely misses you. The gnoll attacks as it pursues you!
The gnoll hits you from afar with a +0 halberd.
You die...

#......................##+#
#......................##.#
#####'###########......##.#
#.# #...# #........#.#
#.###...# #........#.#
####..##...# ##........#.#
#.....h.ggg# #............
#.....#.g..# #.........#.#
#.....##.@.# #.........#..
#..h..##.### #..).......##
#.....##.# #..........#
#.....##.. #.######...#
#....h###. #.# #...#
#.....# #.# #.# ##### #..
#.# #.###.#######
#..##.......#


You could see Natasha and 4 gnolls.

Vanquished Creatures
  2 adders (D:2)
  A dart slug (D:2)
  10 bats
  3 endoplasms
  A giant cockroach (D:1)
  6 goblins
  2 hobgoblins (D:1)
  3 jackals (D:1)
  3 kobolds
  2 quokkas
  3 ball pythons
  4 frilled lizards
  7 rats
47 creatures vanquished.

Notes
Turn   | Place    | Note
-------+----------+-------------------------------------------
     0 | D:1      | IdlyInterested the Demonspawn Fighter began the quest for
                  | the Orb.
     0 | D:1      | Reached XP level 1. HP: 18/18 MP: 1/1
   111 | D:1      | Reached skill level 1 in Dodging
   128 | D:1      | Gained mutation: Your movements are slightly less
                  | encumbered by armour. (ER -2) [demonic ancestry]
   128 | D:1      | Reached XP level 2. HP: 22/24 MP: 2/2
   253 | D:1      | Reached skill level 1 in Stealth
   352 | D:1      | Reached XP level 3. HP: 29/29 MP: 3/3
   943 | D:2      | Reached skill level 1 in Throwing
  1104 | D:2      | Gained mutation: Your movements are less encumbered by
                  | armour. (ER -4) [demonic ancestry]
  1104 | D:2      | Reached XP level 4. HP: 35/35 MP: 4/4
  1435 | D:2      | Noticed Natasha
  1440 | D:2      | Slain by a gnoll

Illustrated notes

Levels and vault maps discovered:
D:1:      elethiomel_arrival_quiet, layout_loops_ring, chequers_mini_garden
D:2:      layout_basic, uniq_natasha

Skill      XL: |  1  2  3 |
---------------+----------+-----
Axes           | 2 3 |  3.2
Dodging        | 1 |  1.0
Stealth        | 1 |  1.0
Throwing       | 1 |  1.0
Fighting       | |  3.0
Armour         | |  2.6
Shields        | |  2.6
Shapeshifting  | |  0.1

Action                     |  1- 3 |  4- 6 || total
---------------------------+-------+-------++-------
  Melee: War axe           |   119 |     5 ||   124
 Armour: Scale mail        |    75 |     4 ||    79
  Dodge: Dodged            |    87 |     4 ||    91
  Block: Buckler           |    39 |     2 ||    41

Table legend: (Time is in decaauts)
 A = Elapsed time spent in this place.
 B = Non-inter-level travel time spent in this place.
 C = Inter-level travel time spent in this place.
 D = Time resting spent in this place.
 E = Time spent auto-exploring this place.
 F = Levels seen in this place.
 G = Mean time per level.
                   A        B        C        D        E       F      G
               +--------+--------+--------+--------+--------+-----+--------+
         Total |   1490 |   1386 |    104 |     42 |    905 |   2 |  745.0 |
       Dungeon |   1490 |   1386 |    104 |     42 |    905 |   2 |  745.0 |
               +--------+--------+--------+--------+--------+-----+--------+

Top non-repeatable levels by time:
     D:1: 849 daAuts
     D:2: 641 daAuts
